 Dungeon Crawl Stone Soup version 0.29-a0-275-g389c0b56f3 (webtiles) character file.

Game seed: 5235212951069491608

7149 shoop the Markself (level 10, 0/59 HPs)
             Began as a Deep Elf Arcane Marksman on Mar 9, 2022.
             Was an Elder of Fedhas.
             Slain by a killer bee (7 damage)
             ... on level 9 of the Dungeon on Mar 10, 2022.
             The game lasted 00:50:48 (12946 turns).

shoop the Markself (Deep Elf Arcane Marksman)      Turns: 12946, Time: 00:50:49

Health: 0/59       AC:  7    Str:  9    XL:     10   Next: 86%
Magic:  1/19       EV: 15    Int: 19    God:    Fedhas [****..]
Gold:   311        SH:  0    Dex: 17    Spells: 11/19 levels left

rFire   + . .      SeeInvis .   a - +1 shortbow (flame)
rCold   . . .      Faith    .   (shield currently unavailable)
rNeg    . . .      Spirit   .   r - +2 robe {rF+}
rPois   .          Reflect  .   j - +0 hat
rElec   .          Harm     .   C - +2 cloak
rCorr   .          Rampage  .   (no gloves)
Will    +....                   (no boots)
Stlth   ++........              z - amulet of regeneration
HPRegen 0.99/turn               p - ring of flight
MPRegen 0.16/turn               (no ring)

@: lethally poisoned (0 -> -1), flying
A: no striking features
a: Renounce Religion, Wall of Briars, Grow Ballistomycete, Overgrow


You were on level 9 of the Dungeon.
You worshipped Fedhas.
Fedhas was greatly pleased with you.
You visited 2 branches of the dungeon, and saw 10 of its levels.
You also visited: Bailey.

You collected 521 gold pieces.
You spent 210 gold pieces at shops.

Inventory:

Hand Weapons
 a - a +1 shortbow of flaming (weapon)
 H - a +0 broad axe
Armour
 b - a +0 robe
 j - a +0 hat (worn)
 r - a +2 robe of fire resistance (worn)
 C - a +2 cloak (worn)
 I - a +1 buckler of protection
 L - a scarf of resistance
Jewellery
 o - an amulet of magic regeneration
 p - a ring of flight (left hand)
 x - an amulet of faith
 z - an amulet of regeneration (around neck)
Wands
 k - a wand of flame (42)
 t - a wand of paralysis (7)
 K - a wand of mindburst (7)
Scrolls
 c - 2 scrolls of vulnerability
 e - 6 scrolls of teleportation
 g - a scroll of holy word
 l - a scroll of immolation
 m - 2 scrolls of summoning
 s - a scroll of enchant weapon
 v - 2 scrolls of magic mapping {unknown}
 y - 4 scrolls of enchant armour
 B - a scroll of fog {unknown}
 D - a scroll of acquirement
 F - a scroll of blinking
 J - a scroll of torment {unknown}
 M - a scroll of amnesia {unknown}
Potions
 d - 3 potions of might
 f - a potion of haste {unknown}
 h - 4 potions of curing
 i - a potion of berserk rage {unknown}
 n - 3 potions of attraction {unknown}
 q - a potion of lignification
 u - 3 potions of brilliance
 w - a potion of cancellation {unknown}
 A - 2 potions of ambrosia
 E - a potion of invisibility
 G - a potion of resistance {unknown}


   Skills:
 - Level 5.0 Fighting
 * Level 15.0 Bows
 + Level 5.8 Dodging
 - Level 3.0 Stealth
 - Level 5.0 Spellcasting
 - Level 8.0 Hexes
 - Level 2.5 Fire Magic
 + Level 5.7 Invocations
 - Level 3.0 Evocations


You had 11 spell levels left.
You knew the following spells:

 Your Spells              Type           Power      Damage    Failure   Level
a - Slow                  Hex            100%       N/A       1%          1
c - Inner Flame           Hex/Fire       24%        N/A       4%          3
f - Cause Fear            Hex            17%        N/A       4%          4

Your spell library contained the following spells:

 Spells                   Type           Power      Damage    Failure   Level
 Portal Projectile        Hex/Tloc       40%        N/A       7%          3
 Discord                  Hex            17%        N/A       100%        8


Dungeon Overview and Level Annotations

Branches:
Dungeon (9/15)             Temple (1/1) D:4          Bailey (visited)
   Lair: D:8-11         Orc: D:9-12

Altars:
Cheibriados
Dithmenos
Fedhas
Gozag
Kikubaaqudgha
Nemelex Xobeh
Okawaru
Qazlal
Ru
Sif Muna
Trog
Uskayaw
Xom

Shops:
D:4 !   D:7 (

Annotations:
D:4 1 runed translucent door, AlmostDecent's ghost, amateur DjCj
D:6 exclusion: acid dragon
D:9 2 runed translucent doors


Message History

The yak barely resists.
Okay, then.
Unknown command.
The killer bee stings you but does no damage.
The killer bee misses you.
The killer bee attacks as you move away!
The killer bee closely misses you. The killer bee misses you.
The killer bee closely misses you. The killer bee completely misses you.
The killer bee closely misses you. The killer bee stings you.
The killer bee misses you. The killer bee barely misses you.
The killer bee closely misses you.
The killer bee attacks as you move away!
The killer bee misses you.
The killer bee stings you but does no damage.
The killer bee stings you.
You are poisoned.
The killer bee poisons you!
You feel very sick. The killer bee stings you.
You are more poisoned.
The killer bee poisons you!
The killer bee attacks as you move away!
The killer bee closely misses you.
You feel very sick. The killer bee misses you. The killer bee stings you.
* * * LOW HITPOINT WARNING * * *
You are more poisoned.
The killer bee poisons you!
Okay, then.
You feel better. The killer bee closely misses you. The killer bee stings you!
* * * LOW HITPOINT WARNING * * *
You are poisoned.
The killer bee poisons you! The killer bee closely misses you. x2
Unknown command.
A briar patch grows up from the ground. x3; You feel sick.
The killer bee stings you.
* * * LOW HITPOINT WARNING * * *
The killer bee stings you!
You die...
Fedhas appreciates your contribution to the ecosystem.

#...# #..# #..# #...# #..# #..#
#...# #.(# #..#
#...##########..#########..#
#####..........................#
...............................#
.................############..#
###############yy# #..# #P@#
#..# ########## #PP# #..#
.........# #..# #..# #####....#
#..# #..# #....# #..# #..#
#8+8.######..############..#
#####.#.......................#
..+..#...)...................#
..+..#..###################..#


You could see 2 killer bees.

Vanquished Creatures
  An orc knight (Bailey)
  Joseph (D:9)
  2 kobold demonologists (Bailey)
  Prince Ribbit (D:8)
  A wyvern (D:8)
  9 yaks
  Duvessa (D:4)
  10 orc warriors
  An ice beast (D:6)
  3 sky beasts
  3 ogres
  A phantom (D:5)
  A kobold brigand (D:9)
  6 bullfrogs
  5 necrophages
  A scorpion (D:5)
  5 wights
  Dowan (D:4)
  2 killer bees (D:9)
  5 electric eels (Bailey)
  2 howler monkeys
  6 orc priests
  A hound (D:7)
  3 jellies
  2 iguanas
  Ijyb (D:4)
  12 orc wizards
  5 gnolls
  11 adders
  A shadow imp (D:7)
  3 white imps
  2 ufetubi
  2 dart slugs
  43 orcs
  7 ball pythons
  3 endoplasms
  2 giant cockroaches
  14 hobgoblins
  3 jackals (D:1)
  9 kobolds
  3 quokkas
  13 bats
  3 frilled lizards
  18 goblins
  6 rats
235 creatures vanquished.

Vanquished Creatures (others)
  4 toadstools (D:1)
4 creatures vanquished.

Grand Total: 239 creatures vanquished

Notes
Turn   | Place    | Note
-------+----------+-------------------------------------------
     0 | D:1      | shoop the Deep Elf Arcane Marksman began the quest for the
                  | Orb.
     0 | D:1      | Reached XP level 1. HP: 11/11 MP: 5/5
   108 | D:1      | Reached skill level 1 in Stealth
   235 | D:1      | Reached XP level 2. HP: 16/16 MP: 6/6
   614 | D:1      | Reached skill level 3 in Bows
   836 | D:1      | Reached XP level 3. HP: 20/20 MP: 7/7
   954 | D:2      | Learned a level 3 spell: Inner Flame
   999 | D:2      | Reached skill level 4 in Bows
  1668 | D:2      | Found a sacrificial altar of Ru.
  1688 | D:2      | Reached skill level 1 in Fire Magic
  1856 | D:2      | Found a faded altar of an unknown god.
  2034 | D:3      | Reached XP level 4. HP: 22/24 MP: 9/9
  2894 | D:3      | Reached XP level 5. HP: 25/28 MP: 1/10
  3164 | D:3      | Learned a level 4 spell: Cause Fear
  3185 | D:4      | Found Juzxor's Distillery.
  3202 | D:4      | Reached skill level 5 in Hexes
  3446 | D:4      | Bought a potion of curing for 42 gold pieces
  3572 | D:4      | Noticed Duvessa
  3574 | D:4      | Noticed Dowan
  3768 | D:5      | Entered Level 5 of the Dungeon
  3784 | D:4      | Noticed Ijyb
  3784 | D:4      | Noticed an ogre
  3796 | D:4      | Killed an ogre
  3816 | D:4      | Reached XP level 6. HP: 32/33 MP: 13/13
  3847 | D:4      | Found a runed translucent door.
  3853 | D:4      | Noticed AlmostDecent's ghost (amateur DjCj)
  4081 | D:5      | Found a sparkling altar of Nemelex Xobeh.
  4952 | D:4      | Found a staircase to the Ecumenical Temple.
  4961 | Temple   | Entered the Ecumenical Temple
  4972 | Temple   | Became a worshipper of Fedhas Madash
  5034 | D:4      | Killed Duvessa
  5545 | D:4      | Paralysed by Ijyb for 3 turns
  5882 | D:4      | Killed Dowan
  5883 | D:4      | Reached skill level 1 in Evocations
  5883 | D:4      | Reached XP level 7. HP: 37/37 MP: 11/16
  6067 | D:4      | Paralysed by Ijyb for 6 turns
  6078 | D:4      | Killed Ijyb
  6564 | D:5      | Reached skill level 5 in Spellcasting
  6905 | D:5      | Reached skill level 5 in Bows
  7225 | D:5      | Reached skill level 6 in Bows
  7336 | D:5      | Reached XP level 8. HP: 42/42 MP: 17/17
  7344 | D:5      | Reached skill level 7 in Bows
  7964 | D:5      | Reached skill level 8 in Bows
  8107 | D:5      | Reached skill level 1 in Fighting
  8620 | D:5      | Reached skill level 9 in Bows
  8944 | D:6      | Reached * piety under Fedhas
  9007 | D:6      | Found a shimmering altar of Xom.
  9007 | D:6      | Found an opulent altar of Gozag.
  9096 | D:6      | Reached skill level 10 in Bows
  9119 | D:6      | Reached XP level 9. HP: 49/49 MP: 16/18
  9357 | D:6      | Found a stormy altar of Qazlal.
  9631 | D:4      | Bought a potion of ambrosia for 112 gold pieces
  9631 | D:4      | Bought a potion of brilliance for 56 gold pieces
  9770 | D:7      | Found Falywiemn's Weapon Boutique.
  9794 | D:7      | Found a hide-covered altar of Uskayaw.
  9824 | D:7      | Found a snail-covered altar of Cheibriados.
  9836 | D:7      | Found an ancient bone altar of Kikubaaqudgha.
  9887 | D:7      | Reached skill level 5 in Dodging
  9980 | D:7      | Found a flagged portal.
 10043 | D:7      | Reached skill level 11 in Bows
 10240 | Bailey   | Entered a bailey
 10349 | Bailey   | Noticed a kobold demonologist
 10373 | Bailey   | Reached ** piety under Fedhas
 10456 | Bailey   | Reached skill level 1 in Invocations
 10483 | Bailey   | Reached skill level 12 in Bows
 10564 | Bailey   | Noticed an orc knight
 10576 | Bailey   | Killed an orc knight
 10580 | Bailey   | Reached XP level 10. HP: 58/58 MP: 11/19
 10852 | Bailey   | Reached *** piety under Fedhas
 10853 | Bailey   | Reached skill level 13 in Bows
 10932 | Bailey   | Noticed a sixfirhy
 10933 | Bailey   | Noticed a smoke demon
 11016 | Bailey   | Found an iron altar of Okawaru.
 11418 | D:7      | Reached skill level 5 in Fighting
 11908 | D:8      | Reached skill level 14 in Bows
 12032 | D:8      | Reached **** piety under Fedhas
 12050 | D:8      | Noticed Prince Ribbit
 12063 | D:8      | Killed Prince Ribbit
 12064 | D:8      | Reached skill level 5 in Invocations
 12557 | D:9      | Found a large runed translucent door.
 12557 | D:9      | Found a large runed translucent door.
 12890 | D:9      | Noticed Joseph
 12916 | D:9      | Killed Joseph
 12922 | D:9      | Reached skill level 15 in Bows
 12946 | D:9      | Slain by a killer bee

Illustrated notes

Levels and vault maps discovered:
D:1:      ldierk_water_garden, layout_loops_corners, minmay_misc_feat_alley,
          minmay_domino_2
D:2:      layout_rooms, serial_glass, glass_columns_a, glass_columns_c,
          basic_altar, shapermc_ecumenical_altar_mp_highgroup, kennysheep_donut
D:3:      layout_basic, st_stairs_6
D:4:      layout_cave_pools, minmay_temple_entry_enclosed_plants, serial_shops,
          shop_fountains, ebering_ghost_reflecting_pool, uniq_ijyb, uniq_duvessa
D:5:      layout_layer_cave, nicolae_overflow_crystal_walls, st_stairs_5,
          wad_rectangle_vault
D:6:      nicolae_cairo_tiling_very_big, layout_cave_pools, minitemple,
          mainiacjoe_overflow_surrounded_room, st_stairs_6
D:7:      layout_cave_pools, kiku_gazebo_pond_becter,
          mainiacjoe_overflow_six_doors_small, mainiacjoe_overflow_alcove_2,
          serial_shops, shop, enter_bailey_5, grunt_ministairs_11,
          kennysheep_generic_room_8
D:8:      layout_rooms, uniq_prince_ribbit1
D:9:      layout_long_grid, jmf_multi_god_temple2, uniq_joseph
Temple:   dshaligram_water_room_temple

Skill      XL: |  1  2  3  4  5  6  7  8  9 10 |
---------------+-------------------------------+-----
Stealth        | 2 3 |  3.0
Bows           | 3 4 6 10 12 15 | 15.0
Spellcasting   | 2 3 4 5 |  5.0
Fire Magic     | 1 2 |  2.5
Hexes          | 6 7 8 |  8.0
Evocations     | 1 3 |  3.0
Fighting       | 2 4 5 |  5.0
Dodging        | 4 5 |  5.8
Invocations    | 2 5 |  5.7

Action                   |  1- 3 |  4- 6 |  7- 9 | 10-12 || total
-------------------------+-------+-------+-------+-------++-------
 Fire: Shortbow          |   140 |   140 |   348 |   224 ||   852
 Cast: Slow              |     3 |    26 |    69 |    12 ||   110
       Inner Flame       |       |    11 |    51 |    27 ||    89
       Cause Fear        |       |     3 |     4 |     4 ||    11
Invok: Wall of Briars    |       |       |       |     1 ||     1
Evoke: Wand              |       |       |     6 |     1 ||     7
  Use: Potion            |     1 |     1 |       |     1 ||     3
       Scroll            |       |     4 |     2 |     1 ||     7
Armor: Robe              |    17 |     6 |    26 |     6 ||    55
       Skin              |     1 |     6 |       |       ||     7
Dodge: Dodged            |    47 |    32 |    50 |    55 ||   184

Table legend: (Time is in decaauts)
 A = Elapsed time spent in this place.
 B = Non-inter-level travel time spent in this place.
 C = Inter-level travel time spent in this place.
 D = Time resting spent in this place.
 E = Time spent auto-exploring this place.
 F = Levels seen in this place.
 G = Mean time per level.
                   A        B        C        D        E       F      G
               +--------+--------+--------+--------+--------+-----+--------+
         Total |  13039 |  12084 |    955 |   2296 |   6330 |  11 | 1185.4 |
       Dungeon |  11859 |  10913 |    946 |   2085 |   6207 |   9 | 1317.7 |
        Temple |    183 |    174 |      9 |    160 |      2 |   1 |  183.0 |
        Bailey |    996 |    996 |      0 |     51 |    121 |   1 |  996.0 |
               +--------+--------+--------+--------+--------+-----+--------+

Top non-repeatable levels by time:
     D:5: 2864 daAuts
     D:4: 1898 daAuts
     D:3: 1639 daAuts
     D:2: 1222 daAuts
     D:6: 1106 daAuts
  Bailey: 996 daAuts
     D:1: 985 daAuts
     D:7: 964 daAuts
     D:8: 637 daAuts
     D:9: 541 daAuts
  Temple: 183 daAuts
